 Dungeon Crawl Stone Soup version 0.20.1-1-g8b1a95d (webtiles) character file.

116 vatarom the Caller (level 4, -5/36 HPs)
             Began as a Draconian Summoner on Sept 7, 2017.
             Killed by divine providence
             ... invoked by an orc priest
              (12 damage)
             ... on level 3 of the Dungeon.
             The game lasted 00:05:43 (2663 turns).

vatarom the Caller (Draconian Summoner)             Turns: 2663, Time: 00:05:44

Health: -5/36      AC:  5    Str: 10    XL:     4   Next: 69%
Magic:  2/7        EV: 11    Int: 17    God:
Gold:   39         SH:  0    Dex: 11    Spells: 1/7 levels left

rFire    . . .     SeeInvis .   e - +1 dagger (drain)
rCold    . . .     Gourm    .   (no shield)
rNeg     . . .     Faith    .   (armour unavailable)
rPois    .         Spirit   .   (helmet restricted)
rElec    .         Reflect  .   (no cloak)
rCorr    .         Harm     .   (no gloves)
MR       +....                  (no boots)
Stlth    +.........             (no amulet)
Regen    0.2/turn               k - ring of protection from magic
MPRegen  0.1/turn               (no ring)

@: heavily drained
A: unfitting armour, cold-blooded, AC +5
a: no special abilities


You were on level 3 of the Dungeon.
You were not hungry.

You visited 1 branch of the dungeon, and saw 3 of its levels.

You collected 39 gold pieces.

Inventory:

Hand Weapons
 e - a +1 dagger of draining (weapon)
Jewellery
 k - a ring of protection from magic (left hand)
Scrolls
 g - a scroll of remove curse {unknown}
 i - 4 scrolls of identify
Potions
 j - a potion of brilliance
Books
 a - a book of Callings

   Spells                             Type                      Level
   a - Summon Small Mammal            Summoning                    1
   b - Call Imp                       Summoning                    2
   c - Call Canine Familiar           Summoning                    3
   d - Summon Guardian Golem          Hexes/Summoning              3
   e - Summon Lightning Spire         Summoning/Air                4
   f - Summon Ice Beast               Ice/Summoning                4
Comestibles
 b - 2 bread rations
 d - a meat ration
 h - a royal jelly


   Skills:
 - Level 2.0(0.9) Fighting
 - Level 1.7(0.6) Dodging
 - Level 1.7(0.6) Stealth
 - Level 2.0(0.9) Spellcasting
 + Level 5.7(4.5) Summonings


You had one spell level left.
You knew the following spells:

 Your Spells              Type           Power        Failure   Level  Hunger
a - Summon Small Mammal   Summ           ###.         3%          1    ##.....
b - Call Imp              Summ           ###.....     5%          2    ###....
c - Call Canine Familiar  Summ           ###.....     11%         3    ####...


Dungeon Overview and Level Annotations

Branches:
Dungeon (3/15)

Altars:
Uskayaw


Innate Abilities, Weirdness & Mutations

Your plain brown scales are hard. (AC +5)
You cannot fit into any form of body armour.
You are cold-blooded and may be slowed by cold attacks.


Message History

The orc hits your hound with a hand axe.
Unknown command.
Your hound completely misses the orc priest.
Casting: Call Canine Familiar
Confirm with . or Enter, or press ? or * to list all spells.
A beastly little devil appears in a puff of frigid air.
Your hound bites the orc priest but does no damage.
The orc closely misses you.
Your hound barely misses the orc priest.
You swap places.
A bat comes into view.
Your hound bites the orc priest.
The orc hits your white imp with a hand axe.
Your white imp gestures at the orc.
The puff of frost hits the orc.
Found a spear.
Your hound barely misses the orc priest.
The orc priest invokes the aid of Beogh against you.
Beogh smites you!
You die...

###.##..#)..##
#.##..#...#
#.##......# . ##
#..#...# ..
#..#...# ...
#..#<..# ....
#..#...# .....
#..#...######......
........oo5.@..#
###.#..h#####..#
#....... .)#
.......... ..b.
.....#.#.#.. .....
.....#.#.#.#
#...... ... #.#.#.#
..$... #. ###+#.


You could see an orc priest, an orc, a bat, a friendly hound and a friendly
white imp.

Vanquished Creatures
  2 adders
  2 oozes
  A dart slug (D:2)
  4 orcs
  3 giant cockroaches (D:1)
  4 goblins (D:2)
  3 hobgoblins
  3 kobolds (D:1)
  8 bats
  3 frilled lizards
  4 rats (D:1)
37 creatures vanquished.

Vanquished Creatures (collateral kills)
  2 orc wizards (D:2)
  An adder (D:2)
  An ooze (D:1)
  An orc (D:3)
  A ball python (D:1)
  A giant cockroach (D:1)
  A kobold (D:1)
  A bat (D:1)
9 creatures vanquished.

Grand Total: 46 creatures vanquished

Notes
Turn   | Place    | Note
-------+----------+-------------------------------------------
     0 | D:1      | vatarom the Draconian Summoner began the quest for the Orb.
     0 | D:1      | Reached XP level 1. HP: 14/14 MP: 3/3
   169 | D:1      | Reached skill level 1 in Fighting
   525 | D:1      | Reached XP level 2. HP: 23/24 MP: 5/5
   695 | D:1      | Learned a level 2 spell: Call Imp
  1584 | D:2      | Found a hide-covered altar of Uskayaw.
  1620 | D:2      | Reached XP level 3. HP: 29/29 MP: 6/6
  1950 | D:2      | Reached skill level 5 in Summonings
  2043 | D:2      | Learned a level 3 spell: Call Canine Familiar
  2228 | D:3      | Reached XP level 4. HP: 30/36 MP: 7/7
  2259 | D:2      | HP: 1/36 [orc/short sword (3)]
  2663 | D:3      | Killed from afar by an orc priest

Skill      XL: |  1  2  3 |
---------------+----------+-----
Fighting       | 1 2 |  2.0
Summonings     | 5 |  5.7
Dodging        | |  1.7
Stealth        | |  1.7
Spellcasting   | |  2.0

Action                   |  1- 3 |  4- 6 || total
-------------------------+-------+-------++-------
Melee: Unarmed           |    38 |       ||    38
       Tailslap          |    13 |     2 ||    15
       Dagger            |    80 |    24 ||   104
 Cast: Summon Small Mamm |    12 |     1 ||    13
       Call Imp          |     4 |     1 ||     5
       Call Canine Famil |     1 |     6 ||     7
  Use: Scroll            |     7 |       ||     7
       Potion            |     3 |     2 ||     5
 Stab: Sleeping          |     1 |       ||     1
  Eat: Chunk             |     5 |     2 ||     7
Armor: Skin              |    50 |    13 ||    63
Dodge: Dodged            |    64 |    19 ||    83
